 Dungeon Crawl Stone Soup version 0.30.0-29-ga12c61a403 (webtiles) character file.

Game seed: 4479546283217672679

352 seaoflcl the Shield-Bearer (level 6, -3/56 HPs)
             Began as a Minotaur Fighter on June 9, 2023.
             Killed from afar by Ijyb (11 damage)
             ... with a puff of flame
             ... on level 3 of the Dungeon.
             The game lasted 00:03:23 (1828 turns).

seaoflcl the Shield-Bearer (Minotaur Fighter)       Turns: 1828, Time: 00:03:24

Health: -3/56      AC: 11    Str: 22    XL:     6   Next: 35%
Magic:  5/5        EV:  8    Int:  5    God:
Gold:   145        SH:  5    Dex: 10    Spells: 5/5 levels left

rFire   . . .        r - +2 flail (protect)
rCold   . . .        c - +0 buckler
rNeg    . . .        y - +0 chain mail
rPois   .            (helmet restricted)
rElec   .            (no cloak)
rCorr   .            l - +0 pair of gloves
SInv    .            (no boots)
Will    .....        (no amulet) Stlth
                     (no ring)
HPRegen 0.29/turn    (no ring)
MPRegen 0.09/turn

%: no passive effects
@: lethally poisoned (-3 -> -11)
A: horns 2, retaliatory headbutt
a: no special abilities


You were on level 3 of the Dungeon.
You visited 1 branch of the dungeon, and saw 3 of its levels.

You collected 145 gold pieces.

Inventory:

Hand Weapons
 a - a +0 war axe
 r - a +2 flail of protection (weapon)
 x - a +0 dagger of protection
Missiles
 f - 4 poisoned darts (quivered)
Armour
 c - a +0 buckler (worn)
 l - a +0 pair of gloves (worn)
 y - a +0 chain mail (worn)
Wands
 t - a wand of mindburst (13)
Scrolls
 e - 4 scrolls of identify {unknown}
 g - 2 scrolls of enchant weapon {unknown}
 h - a scroll of poison {unknown}
 o - a scroll of butterflies {unknown}
 q - a scroll of acquirement {unknown}
 u - 2 scrolls of fear {unknown}
 v - a scroll of enchant armour {unknown}
Potions
 d - a potion of might
 i - a potion of degeneration {unknown}
 j - a potion of attraction {unknown}
 k - a potion of heal wounds {unknown}
 m - 4 potions of curing {unknown}
 n - a potion of lignification {unknown}
 p - a potion of flight {unknown}
 s - a potion of ambrosia {unknown}
 w - a potion of brilliance {unknown}


   Skills:
 + Level 5.1 Fighting
 - Level 3.4(4.1) Axes
 * Level 3.4(4.1) Maces & Flails
 + Level 5.1 Armour
 + Level 5.2 Shields


You had 5 spell levels left.
You didn't know any spells.
Your spell library contained the following spells:

 Spells                   Type           Power      Damage    Failure   Level
 Apportation              Tloc           0%         N/A       98%         1
 Necrotise                Necr           0%         1d4       98%         1
 Summon Small Mammal      Summ           0%         N/A       98%         1
 Iskenderun's Battlesphe  Conj           0%         2d6       100%        5
 Iron Shot                Conj/Erth      0%         9d1       100%        6
 Spellforged Servitor     Conj/Summ      0%         N/A       100%        7


Dungeon Overview and Level Annotations

Branches:
Dungeon (3/15)

Altars:
Yredelemnul

Shops:
D:2 *   D:3 (

Annotations:
D:3 1 runed translucent door, Ijyb


Innate Abilities, Weirdness & Mutations

You have a pair of horns on your head.
You reflexively headbutt those who attack you in melee.


Message History

You furiously retaliate!
You headbutt the orc!
You kill the orc!
Ijyb hits you with a +3 dagger of venom.
You are more poisoned.
You hit the adder. Your headbutt misses the adder.
The adder is moderately wounded.
You feel extremely sick. The adder closely misses you.
Ijyb hits you with a +3 dagger of venom.
The adder barely misses you.
You closely miss the adder.
The adder is moderately wounded.
You feel very sick. Ijyb hits you but does no damage.
You are more poisoned.
The adder bites you but does no damage.
You closely miss the adder.
The adder is moderately wounded.
You feel very sick. You block the adder's attack.
Ijyb zaps a wand.
The puff of flame hits you but does no damage.
The adder bites you.
Ijyb zaps a wand.
The puff of flame misses you.
You sock the adder!
You kill the adder!
You feel very sick.
Ijyb grins evilly.
Ijyb closely misses you.
You feel sick.
Ijyb zaps a wand.
The puff of flame hits you.
* * * LOW HITPOINT WARNING * * *
You see here an adder corpse.
You feel very sick. Ijyb completely misses you.
You see here a +0 dagger of venom.
You barely miss Ijyb.
You feel sick. Ijyb hits you but does no damage.
You are lethally poisoned!
You completely miss Ijyb.
* * * LOW HITPOINT WARNING * * *
You feel very sick.
Ijyb zaps a wand.
The puff of flame hits you!
You die...

### #.........
#∩.♣+......... .
#...#.........
..#♣..#.........
.............#
.............##
#...........
#..g@.........
#..††..##.....#
###..........(#
#...........+..###
#...........# ...#
#...........# #8
#####...........######.
+............>..'...##.
#####..#+##.....##.###.


You could see Ijyb.

Vanquished Creatures
  Sigmund (D:2)
  2 jellies (D:2)
  Terence (D:2)
  Robin (D:2)
  2 adders
  2 worms (D:2)
  A dart slug (D:1)
  An orc (D:3)
  5 ball pythons
  12 endoplasms
  3 giant cockroaches
  5 hobgoblins
  2 jackals (D:1)
  6 bats
  2 frilled lizards
  8 goblins
  A goblin zombie (D:3)
  16 kobolds
  A kobold zombie (D:3)
  5 rats
77 creatures vanquished.

Notes
Turn   | Place    | Note
-------+----------+-------------------------------------------
     0 | D:1      | seaoflcl the Minotaur Fighter began the quest for the Orb.
     0 | D:1      | Reached XP level 1. HP: 19/19 MP: 0/0
    52 | D:1      | Reached XP level 2. HP: 25/27 MP: 1/1
   203 | D:1      | You fall into a shaft and drop 1 floor!
   254 | D:1      | Reached XP level 3. HP: 33/33 MP: 2/2
   530 | D:2      | Found Lasuc's General Store.
   724 | D:2      | Noticed Robin
   739 | D:2      | Killed Robin
   812 | D:2      | Noticed Terence
   817 | D:2      | Reached XP level 4. HP: 39/40 MP: 3/3
   821 | D:2      | Killed Terence
  1051 | D:2      | Noticed Sigmund
  1061 | D:2      | Killed Sigmund
  1062 | D:2      | Reached skill level 5 in Shields
  1062 | D:2      | Reached XP level 5. HP: 39/47 MP: 4/4
  1172 | D:2      | Reached XP level 6. HP: 44/55 MP: 5/5
  1178 | D:2      | Reached skill level 5 in Fighting
  1178 | D:2      | Reached skill level 5 in Armour
  1730 | D:3      | Found a faded altar of an unknown god.
  1748 | D:3      | Found a runed translucent door.
  1748 | D:3      | Noticed a human
  1753 | D:3      | Found a basalt altar of Yredelemnul.
  1814 | D:3      | Noticed Ijyb
  1818 | D:3      | Found Woysk's Antique Weapon Boutique.
  1828 | D:3      | Killed from afar by Ijyb

Illustrated notes

Levels and vault maps discovered:
D:1:      saegor_arrival_simple_a, layout_rooms
D:2:      cheibrodos_fertilizer, layout_loops_ring, serial_shops, shop,
          minmay_misc_feat_rows, uniq_sigmund, uniq_robin, uniq_terence
D:3:      layout_basic, old_standard_altar, gammafunk_temple_overflow_wave,
          dk_yredelemnul_ordeal, lemuel_coloured_pillars_altar,
          elyvilon_altar_4, vehumet_crystals, ebering_ghost_inner_flame,
          serial_shops, nicolae_shop_pleasant_corner_grove,
          ebering_ecumenical_altar_box, uniq_ijyb

Skill      XL: |  1  2  3  4  5  6 |
---------------+-------------------+-----
Shields        | 4 5 |  5.2
Armour         | 4 5 |  5.1
Fighting       | 4 5 |  5.1
Axes           | 3 |  3.4
Maces & Flails | 2 3 |  3.4

Action                     |  1- 3 |  4- 6 || total
---------------------------+-------+-------++-------
  Melee: War axe           |    79 |    17 ||    96
         Headbutt          |     9 |    13 ||    22
         Flail             |       |    58 ||    58
 Armour: Scale mail        |    38 |    24 ||    62
         Chain mail        |       |     9 ||     9
  Dodge: Dodged            |    37 |    29 ||    66
  Block: Buckler           |    19 |    15 ||    34
